 Dungeon Crawl Stone Soup version 0.29.1-2-gbd0b4ee654 (webtiles) character file.

Game seed: 1595167064842526037

9 xian the Vexing (level 2, -1/23 HPs)
             Began as a Draconian Arcane Marksman on Nov 25, 2022.
             Slain by a jackal (2 damage)
             ... on level 1 of the Dungeon.
             The game lasted 00:00:43 (86 turns).

xian the Vexing (Draconian Arcane Marksman)           Turns: 86, Time: 00:00:44

Health: -1/23      AC:  4    Str: 12    XL:     2   Next: 6%
Magic:  0/3        EV: 12    Int: 13    God:
Gold:   0          SH:  0    Dex: 11    Spells: 2/3 levels left

rFire   . . .      SeeInvis .   a - +1 sling
rCold   . . .      Faith    .   (no shield)
rNeg    . . .      Spirit   .   (body armour unavailable)
rPois   .          Reflect  .   (helmet restricted)
rElec   .          Harm     .   (no cloak)
rCorr   .          Rampage  .   (no gloves)
Will    .....                   (no boots)
Stlth   +.........              (no amulet)
HPRegen 0.07/turn               (no ring)
MPRegen 0.08/turn               (no ring)

@: no status effects
A: AC +4, unfitting armour, cold-blooded
a: no special abilities


You were on level 1 of the Dungeon.
You visited 1 branch of the dungeon, and saw 1 of its levels.

Inventory:

Hand Weapons
 a - a +1 sling (weapon)
Scrolls
 b - a scroll of poison
 c - a scroll of identify {unknown}


   Skills:
 + Level 1.1 Fighting
 + Level 2.1 Ranged Weapons
 + Level 2.0 Dodging
 + Level 1.1 Spellcasting
 + Level 2.8 Hexes


You had 2 spell levels left.
You knew the following spells:

 Your Spells              Type           Power      Damage    Failure   Level
a - Slow                  Hex            32%        N/A       9%          1

Your spell library contained the following spells:

 Spells                   Type           Power      Damage    Failure   Level
 Inner Flame              Hex/Fire       4%         N/A       43%         3
 Portal Projectile        Hex/Tloc       8%         N/A       43%         3
 Cause Fear               Hex            4%         N/A       65%         4


Dungeon Overview and Level Annotations

Branches:
Dungeon (1/15)

Altars:


Innate Abilities, Weirdness & Mutations

Your plain brown scales are hard. (AC +4)
You cannot fit into any form of body armour.
You are cold-blooded and may be slowed by cold attacks.


Message History

Fire: a) +1 sling
Press: ? - help, Q - select action, (/) - cycle Shift-Dir - straight line, f/p - quokka
Aim: a quokka (almost dead, slow, 41% to hit)
You shoot a sling bullet. The sling bullet hits the quokka.
You kill the quokka!
Unknown command.
Things that are here:
a +0 club; a kobold corpse A jackal is nearby!
The jackal attacks as you move away!
The jackal bites you but does no damage.
The jackal closely misses you.
Casting: Slow (safe; 9% risk of failure)
Confirm with . or Enter, or press ? or * to list all spells.
Aiming: Slow (safe; 9% risk of failure)
Press: ? - help, Shift-Dir - straight line, f - jackal
Aim: a jackal (chance to affect: 63%)
The jackal seems to slow down.
The jackal completely misses you.
Unknown command.
Fire: a) +1 sling
Press: ? - help, Q - select action, (/) - cycle Shift-Dir - straight line, f/p - jackal
Aim: a jackal (slow, 45% to hit)
You shoot a sling bullet. The sling bullet hits the jackal.
The jackal is lightly wounded.
The jackal completely misses you.
Unknown command.
Fire: a) +1 sling
Press: ? - help, Q - select action, (/) - cycle Shift-Dir - straight line, f/p - jackal
Aim: a jackal (lightly wounded, slow, 45% to hit)
You shoot a sling bullet.
The sling bullet closely misses the jackal.
The jackal bites you.
* * * LOW HITPOINT WARNING * * *
Fire: a) +1 sling
Press: ? - help, Q - select action, (/) - cycle Shift-Dir - straight line, f/p - jackal
Aim: a jackal (lightly wounded, slow, 45% to hit)
You shoot a sling bullet. The sling bullet hits the jackal.
The jackal is severely wounded.
The jackal bites you.
You die...

....[...~.####
.............
>.......⌠P~P
.........!.
........h.
........†
#..).########
#.h@.....#
...####....†#
............##
.......#.....##
###########...#
###....##
###.....##
.##......##
........~###


You could see a jackal (slow).

Vanquished Creatures
  A dart slug (D:1)
  2 goblins (D:1)
  A jackal (D:1)
  A kobold (D:1)
  A quokka (D:1)
6 creatures vanquished.

Vanquished Creatures (others)
  A fungus (D:1)
  A plant (D:1)
2 creatures vanquished.

Grand Total: 8 creatures vanquished

Notes
Turn   | Place    | Note
-------+----------+-------------------------------------------
     0 | D:1      | xian the Draconian Arcane Marksman began the quest for the
                  | Orb.
     0 | D:1      | Reached XP level 1. HP: 16/16 MP: 2/2
    74 | D:1      | Reached XP level 2. HP: 2/23 MP: 0/3
    85 | D:1      | HP: 1/23 [jackal (1)]
    86 | D:1      | Slain by a jackal

Illustrated notes

Levels and vault maps discovered:
D:1:      lemuel_arrival_muddy, layout_rooms,
          shapermc_ecumenical_altar_acropolis

Skill      XL: |  1 |
---------------+----+-----
Ranged Weapons | 2 |  2.1
Dodging        | 2 |  2.0
Fighting       | |  1.1
Spellcasting   | |  1.1
Hexes          | |  2.8

Action                   || total
-------------------------++-------
 Fire: Sling             ||    20
 Cast: Slow              ||     4
Armor: Skin              ||     3
Dodge: Dodged            ||    13
